 Dungeon Crawl Stone Soup version 0.15-a0-1656-gb4d1502 (console) character file.

1659 Mac the Grappler (level 8, -11/74 HPs)
             Began as a Troll Fighter on June 23, 2014.
             Was a Follower of Cheibriados.
             Mangled by a goliath beetle (16 damage)
             ... on Level 9 of the Dungeon.
             The game lasted 00:08:47 (1834 turns).

Mac the Grappler (Troll Fighter)                    Turns: 1834, Time: 00:08:47

HP -11/74        AC  6     Str 29      XL: 8   Next: 68%
MP   8/10        EV  8     Int  6      God: Cheibriados [*.....]
Gold 367         SH 10     Dex 11      Spells:  0 memorised,  7 levels left

rFire  . . .     SeeInvis .       - Unarmed
rCold  . . .     Clarity  .     f - +1 robe {rN+} (curse)
rNeg   + . .     rCorr    .     c - +0 shield (curse)
rPois  .         rRot     .     (helmet restricted)
rElec  .         Spirit   .     (no cloak)
SustAb .         Warding  .     (gloves unavailable)
rMut   .         Stasis   .     (boots unavailable)
Gourm  +                        (no amulet)
MR     .....                    (no ring)
                                (no ring)

@: very slow, not resistant to hostile enchantments, very unstealthy
A: unfitting armour, claws 3, fast metabolism 3, gourmand, regeneration 2,
saprovore 2, shaggy fur 1, tough skin 2
a: Bend Time, Renounce Religion


You were on level 9 of the Dungeon.
You worshipped Cheibriados.
Cheibriados was aware of your devotion.
You were not hungry.

You visited 2 branches of the dungeon, and saw 10 of its levels.
You also visited: Ossuary.

You collected 367 gold pieces.

Inventory:

Hand weapons
 w - a cursed +1 whip of electrocution
Missiles
 z - 7 javelins (quivered)
Armour
 b - a cursed +0 robe
 c - a cursed +0 shield (worn)
 d - a cursed gold dragon hide
 f - a cursed +1 robe of positive energy (worn)
Comestibles
 a - 4 meat rations
 x - a beef jerky
Scrolls
 g - a scroll of enchant weapon {unknown}
 h - 3 scrolls of identify
 i - 3 scrolls of noise {unknown}
 j - a scroll of immolation {unknown}
 k - 3 scrolls of magic mapping {unknown}
 m - 2 scrolls of amnesia {unknown}
 p - a scroll of teleportation {unknown}
 r - a scroll of silence {unknown}
 y - a scroll of enchant armour {unknown}
 A - a scroll of fog {unknown}
 B - a scroll of torment {unknown}
Potions
 e - a potion of agility {unknown}
 l - 2 potions of confusion
 n - a potion of restore abilities {unknown}
 o - 3 potions of curing
 q - 4 potions of heal wounds
 s - 2 potions of brilliance {unknown}
 t - 2 potions of paralysis {unknown}
 u - a potion of mutation {unknown}
Books
 v - a book of Transfigurations

   Spells                             Type                      Level
   Stoneskin                          Transmutation/Earth          2
   Ice Form                           Ice/Transmutation            4
   Statue Form                        Transmutation/Earth          6
   Dragon Form                        Transmutation                7


   Skills:
 - Level 2.4 Fighting
 - Level 2.4 Dodging
 + Level 4.0 Shields
 + Level 9.0 Unarmed Combat
 + Level 4.9 Invocations


You had 7 spell levels left.
You didn't know any spells.

Dungeon Overview and Level Annotations

Branches:
Dungeon (9/15)             Temple (1/1) D:7
    Orc: D:9-12        Lair: D:8-11

Altars:
Ashenzari
Cheibriados
Dithmenos
Elyvilon
Fedhas
Kikubaaqudgha
Makhleb
Nemelex Xobeh
Okawaru
Qazlal
Sif Muna
Vehumet
Xom
The Shining One

Shops:
D:4 [

Annotations:
D:5 Pikel, Sigmund


Innate Abilities, Weirdness & Mutations

You are too large for most types of armour.
You have claws for hands.
Your metabolism is lightning-fast.
You like to eat raw meat.
You heal very quickly.
You can eat rotten meat.
You are covered in fur (AC +1).
You have very tough skin (AC +2).


Message History

You scratch the goliath beetle.
The goliath beetle is lightly wounded.
The goliath beetle closely misses you.
You barely miss the goliath beetle.
The goliath beetle is lightly wounded.
You claw the goliath beetle!
The goliath beetle is moderately wounded.
You block the goliath beetle's attack.
You claw the goliath beetle!
The goliath beetle is heavily wounded.
You scratch the goliath beetle but do no damage.
The goliath beetle is heavily wounded.
The goliath beetle bites you!!
* * * LOW HITPOINT WARNING * * *
You claw the goliath beetle!
The goliath beetle is almost dead.
You scratch the goliath beetle but do no damage.
The goliath beetle is almost dead.
The goliath beetle bites you!
You die...

#..## #...######
#........######
..............##
...............#
..<.......###..##
##......)## ##..#
##.......# ##B##
##........ ##@#
###......# ###
###....# ###..#
..#


You could see a goliath beetle.

Vanquished Creatures
  Erolcha (D:9)
  A wyvern (D:8)
  Menkaure (D:6)
  A water moccasin (D:6)
  An ice beast (D:6)
  A phantom (D:6)
  An ogre (D:7)
  A giant frog (D:8)
  A crimson imp (D:9)
  A goliath beetle (D:8)
  A jelly (D:6)
  An orc priest (D:4)
  A big kobold zombie (Ossuary)
  Ijyb (D:5)
  Jessica (D:2)
  An ogre zombie (D:6)
  A hound skeleton (D:6)
  8 mummies (Ossuary)
  An adder (D:6)
  A green rat (D:5)
  A giant mite (D:6)
  A worm (D:4)
  An inept feature mimic (D:5)
  5 orcs
  6 bats
  6 giant cockroaches
  7 hobgoblins
  3 jackals (D:3)
  5 kobolds
  3 quokkas
  3 giant geckos (D:6)
  A giant newt (D:1)
  A gnoll zombie (Ossuary)
  5 goblins
  A goblin skeleton (D:5)
  A hobgoblin skeleton (D:6)
  3 hobgoblin zombies (Ossuary)
  A kobold skeleton (D:6)
  3 kobold zombies (Ossuary)
  6 rats
90 creatures vanquished.

Notes
Turn   | Place    | Note
--------------------------------------------------------------
     0 | D:1      | Mac, the Troll Fighter, began the quest for the Orb.
     0 | D:1      | Reached XP level 1. HP: 22/22 MP: 1/1
   121 | D:1      | Reached XP level 2. HP: 29/29 MP: 1/1
   171 | D:1      | Reached skill level 3 in Unarmed Combat
   197 | D:2      | Noticed Jessica
   202 | D:2      | Killed Jessica
   202 | D:2      | Reached XP level 3. HP: 32/36 MP: 2/2
   391 | D:4      | Found Waachaeg's Armour Shoppe.
   525 | D:4      | Reached skill level 4 in Unarmed Combat
   592 | D:4      | Reached XP level 4. HP: 44/44 MP: 2/2
   627 | D:5      | Entered Level 5 of the Dungeon
   638 | D:5      | Noticed Ijyb
   666 | D:5      | Killed Ijyb
   723 | D:5      | Reached skill level 5 in Unarmed Combat
   730 | D:5      | Noticed Pikel
   730 | D:5      | Noticed a slave
   731 | D:5      | Noticed a slave
   733 | D:5      | Noticed a slave
   734 | D:5      | Noticed a slave
   752 | D:6      | Noticed a phantom
   764 | D:6      | Killed a phantom
   764 | D:6      | Reached skill level 6 in Unarmed Combat
   764 | D:6      | Reached XP level 5. HP: 45/50 MP: 2/2
   852 | D:6      | Noticed an ice beast
   886 | D:6      | Killed an ice beast
   886 | D:6      | Reached XP level 6. HP: 28/59 MP: 3/3
   921 | D:6      | Reached skill level 7 in Unarmed Combat
   939 | D:6      | Found a sand-covered staircase.
   943 | Ossuary  | Entered an ossuary
  1178 | D:7      | Found a staircase to the Ecumenical Temple.
  1182 | D:7      | Reached skill level 8 in Unarmed Combat
  1182 | D:7      | Reached XP level 7. HP: 43/66 MP: 3/3
  1186 | Temple   | Entered the Ecumenical Temple
  1228 | Temple   | Became a worshipper of Cheibriados the Contemplative
  1323 | D:5      | Noticed Sigmund
  1371 | D:6      | Noticed a water moccasin
  1383 | D:6      | Killed a water moccasin
  1390 | D:6      | Noticed Menkaure
  1395 | D:6      | Killed Menkaure
  1541 | D:7      | Found an ancient bone altar of Kikubaaqudgha.
  1657 | D:8      | Noticed a wyvern
  1663 | D:8      | Killed a wyvern
  1663 | D:8      | Reached XP level 8. HP: 41/74 MP: 7/8
  1699 | D:8      | Found a radiant altar of Vehumet.
  1801 | D:9      | Noticed Erolcha
  1812 | D:9      | Killed Erolcha
  1812 | D:9      | Reached skill level 9 in Unarmed Combat
  1834 | D:9      | Mangled by a goliath beetle

Action                   |  1- 3 |  4- 6 |  7- 9 || total
-------------------------+-------+-------+-------++-------
Melee: Unarmed           |    79 |   138 |    81 ||   298
Invok: Bend Time         |       |       |     1 ||     1
  Use: Potion            |       |     1 |       ||     1
       Scroll            |       |       |     3 ||     3
